 Dungeon Crawl Stone Soup version 0.30-a0-782-ge64f9170bb (webtiles) character file.

Game seed: 6462096463988787961

1870 funkygono the Firebug (level 9, 0/48 HPs)
             Began as a Gargoyle Fire Elementalist on Feb 20, 2023.
             Was a Follower of Sif Muna.
             Slain by a troll (10 damage)
             ... on level 6 of the Dungeon.
             The game lasted 00:09:14 (5375 turns).

funkygono the Firebug (Gargoyle Fire Elementalist)  Turns: 5375, Time: 00:09:15

Health: 0/48       AC: 12    Str: 13    XL:     9   Next: 13%
Magic:  14/18      EV: 17    Int: 19    God:    Sif Muna [*.....]
Gold:   295        SH:  0    Dex: 10    Spells: 10/20 levels left

rFire   . . .      SeeInvis .    r - +4 whip (venom)
rCold   . . .      Faith    .    (no shield)
rNeg    + . .      Spirit   .    a - +0 robe
rPois   ∞          Reflect  .    s - +0 helmet
rElec   +          Harm     .    (no cloak)
rCorr   .          Rampage  .    x - +0 pair of gloves
Will    +....                    j - +1 pair of boots
Stlth   ++                       n - amulet of magic regeneration
HPRegen 0.28/turn                o - ring of willpower
MPRegen 0.56/turn                l - +5 ring of evasion

@: no status effects
A: sickness immunity, AC +6, negative energy resistance 1, electricity
resistance, torment resistance 1, petrification resistance
a: Renounce Religion, Channel Magic


You were on level 6 of the Dungeon.
You worshipped Sif Muna.
Sif Muna was aware of your devotion.
You visited 2 branches of the dungeon, and saw 7 of its levels.

You collected 295 gold pieces.

Inventory:

Hand Weapons
 f - a +4 mace
 r - a +4 whip of venom (weapon)
 A - a +3 quarterstaff of chaos
Armour
 a - a +0 robe (worn)
 j - a +1 pair of boots (worn)
 s - a +0 helmet (worn)
 x - a +0 pair of gloves (worn)
Magical Staves
 y - a staff of death
Jewellery
 l - a +5 ring of evasion (right hand)
 n - an amulet of magic regeneration (around neck)
 o - a ring of willpower (left hand)
 C - a +4 ring of slaying
Wands
 t - a wand of flame (11)
 v - a wand of mindburst (21)
 w - a wand of polymorph (9)
Scrolls
 d - a scroll of fear
 k - 3 scrolls of blinking
 D - a scroll of fog {unknown}
Potions
 b - 3 potions of magic
 c - 6 potions of curing
 e - 2 potions of brilliance
 g - a potion of mutation {unknown}
 h - 2 potions of flight
 i - a potion of ambrosia
 m - a potion of cancellation
 p - a potion of degeneration {unknown}
 q - 2 potions of berserk rage
 u - a potion of attraction {unknown}
 z - a potion of heal wounds {unknown}
 B - a potion of haste {unknown}


   Skills:
 + Level 2.2 Fighting
 + Level 2.7 Maces & Flails
 + Level 2.5 Dodging
 - Level 2.1 Stealth
 + Level 6.3 Spellcasting
 + Level 5.8 Conjurations
 + Level 0.1 Translocations
 + Level 7.0 Fire Magic


You had 10 spell levels left.
You knew the following spells:

 Your Spells              Type           Power      Damage    Failure   Level
a - Foxfire               Conj/Fire      100%       2x1d9     1%          1
b - Scorch                Fire           64%        2d8       1%          2
c - Kindle Blastsparks    Fire/Tloc/Air  30%        2d12      12%         3
d - Flame Wave            Conj/Fire      30%        2d9       8%          4

Your spell library contained the following spells:

 Spells                   Type           Power      Damage    Failure   Level
 Inner Flame              Hex/Fire       19%        N/A       8%          3
 Frozen Ramparts          Ice            10%        1d2       32%         3
 Ozocubu's Armour         Ice            5%         N/A       32%         3
 Ice Form                 Ice/Tmut       5%         N/A       73%         4
 Summon Ice Beast         Ice/Summ       5%         N/A       73%         4
 Metabolic Englaciation   Hex/Ice        2%         N/A       97%         5
 Simulacrum               Ice/Necr       2%         N/A       100%        6


Dungeon Overview and Level Annotations

Branches:
Dungeon (6/15)             Temple (1/1) D:4

Altars:
Ashenzari
Cheibriados
Dithmenos
Elyvilon
Fedhas
Gozag
Hepliaklqana
Kikubaaqudgha
Makhleb
Okawaru
Qazlal
Ru
Sif Muna
Trog
Uskayaw
Vehumet
Wu Jian
Xom


Innate Abilities, Weirdness & Mutations

You are immune to sickness and miasma.
Your stone body is resilient. (AC +6)
You are immune to poison.
You resist negative energy. (rN+)
You are resistant to electric shocks. (rElec)
You are resistant to unholy torment.
You are immune to petrification.


Message History

Something hits you! Something hits you.
Casting: Foxfire (safe; 1% risk of failure)
Confirm with . or Enter, or press ? or * to list all spells.
You conjure some foxfire!
The troll shouts!
Something hits you. x2
Casting: Foxfire (safe; 1% risk of failure)
Confirm with . or Enter, or press ? or * to list all spells.
You conjure some foxfire!
The foxfire hits something.
Something hits you.
Casting: Foxfire (safe; 1% risk of failure)
Confirm with . or Enter, or press ? or * to list all spells.
Flames lash the troll.
The troll is moderately wounded.
The troll's fire resistance burns away.
You hear a loud, deep croak!
The foxfire hits something.
The foxfire hits the troll!
The troll is burned terribly!
The troll is severely wounded.
Something hits you but does no damage.
Unknown command.
You hit the troll but do no damage.
The troll is poisoned.
The troll is severely wounded.
Something hits you! Something hits you but does no damage. The troll bites you.
* * * LOW HITPOINT WARNING * * *
The troll claws you but does no damage. The troll closely misses you.
Casting: Scorch (safe; 1% risk of failure)
Confirm with . or Enter, or press ? or * to list all spells.
You conjure some foxfire!
Something hits you but does no damage. x2
A bullfrog comes into view.
The troll barely misses you. x2; The troll claws you.
* * * LOW HITPOINT WARNING * * *
The foxfire hits the bullfrog.
The bullfrog is lightly wounded.
Casting: Foxfire (safe; 1% risk of failure)
Confirm with . or Enter, or press ? or * to list all spells.
Flames lash something.
The foxfire hits the bullfrog.
The bullfrog is moderately wounded.
Something hits you but does no damage. The troll closely misses you.
The troll claws you!
You die...

#.#..... ##........
#...... .# #....###.#
### ##........# ..
##......#.§ .#
##..)###.#.###$#
##)...))..#...@F#
##....).#.....#T.!..#
##...###.#.###.#:###.#
#........#.. ..#.. #
......#.....#.....#
..###.#.###.#.###.#
......#. .#) .#
.)....... ... ..
......... ..


You could see a troll (very poisoned, combustible) and a bullfrog.

Vanquished Creatures
  Grinder (D:3)
  A black bear (D:6)
  3 ice beasts
  2 ogres (D:4)
  A centaur (D:6)
  A phantom (D:5)
  A bullfrog (D:6)
  A gnoll sergeant (D:5)
  2 scorpions
  4 orc priests
  A hound (D:4)
  Crazy Yiuf (D:4)
  Ijyb (D:4)
  Terence (D:3)
  5 iguanas
  2 orc wizards
  Robin (D:3)
  8 gnolls
  9 adders
  A white imp (D:6)
  2 ufetubi
  3 worms (D:2)
  4 dart slugs
  11 orcs
  9 ball pythons
  4 bats
  3 endoplasms
  3 giant cockroaches
  25 goblins
  12 hobgoblins
  9 jackals
  4 quokkas
  4 frilled lizards
  14 kobolds
  8 rats
162 creatures vanquished.

Vanquished Creatures (collateral kills)
  2 foxfires
2 creatures vanquished.

Vanquished Creatures (others)
  An orc wizard (D:6)
  499 foxfires
  9 plants
509 creatures vanquished.

Grand Total: 673 creatures vanquished

Notes
Turn   | Place    | Note
-------+----------+-------------------------------------------
     0 | D:1      | funkygono the Gargoyle Fire Elementalist began the quest
                  | for the Orb.
     0 | D:1      | Reached XP level 1. HP: 10/10 MP: 3/3
   120 | D:1      | Reached XP level 2. HP: 15/15 MP: 3/5
   123 | D:1      | Learned a level 2 spell: Scorch
   615 | D:1      | Reached XP level 3. HP: 19/19 MP: 0/6
   743 | D:1      | Learned a level 3 spell: Kindle Blastsparks
  1555 | D:2      | Reached XP level 4. HP: 24/24 MP: 2/8
  2232 | D:3      | Found a faded altar of an unknown god.
  2282 | D:3      | Reached XP level 5. HP: 28/28 MP: 5/9
  2287 | D:3      | Learned a level 4 spell: Flame Wave
  2342 | D:3      | Reached skill level 1 in Fighting
  2382 | D:3      | Noticed Robin
  2391 | D:3      | Killed Robin
  2691 | D:3      | Noticed Terence
  2704 | D:3      | Killed Terence
  2705 | D:3      | Reached skill level 1 in Maces & Flails
  2705 | D:3      | Reached skill level 4 in Fire Magic
  2832 | D:3      | Noticed Grinder
  2839 | D:3      | Killed Grinder
  2840 | D:3      | Reached XP level 6. HP: 19/34 MP: 2/12
  3152 | D:4      | Found a shimmering altar of Xom.
  3206 | D:4      | Reached XP level 7. HP: 33/38 MP: 10/13
  3340 | D:4      | Found an ornate altar of the Wu Jian Council.
  3456 | D:4      | Reached skill level 5 in Fire Magic
  3612 | D:4      | Found a blossoming altar of Fedhas.
  3682 | D:4      | Found a runed translucent door.
  3683 | D:4      | Noticed Crazy Yiuf
  3832 | D:4      | Reached XP level 8. HP: 44/44 MP: 15/15
  3875 | D:4      | Noticed Ijyb
  3889 | D:4      | Killed Ijyb
  4140 | D:4      | Found a staircase to the Ecumenical Temple.
  4279 | Temple   | Entered the Ecumenical Temple
  4287 | Temple   | Became a worshipper of Sif Muna the Loreminder
  4397 | D:4      | Killed Crazy Yiuf
  4457 | D:5      | Entered Level 5 of the Dungeon
  4561 | D:5      | Reached skill level 5 in Spellcasting
  4568 | D:5      | Reached skill level 6 in Fire Magic
  5113 | D:6      | Reached skill level 5 in Conjurations
  5300 | D:6      | Reached * piety under Sif Muna
  5301 | D:6      | Reached XP level 9. HP: 48/48 MP: 12/18
  5309 | D:6      | Reached skill level 7 in Fire Magic
  5365 | D:6      | Noticed a troll
  5375 | D:6      | Slain by a troll

Illustrated notes

Levels and vault maps discovered:
D:1:      minmay_arrival_plants_in_alcoves, layout_loops_ring,
          minmay_shallow_snake_nest
D:2:      minmay_spotlight, layout_basic, serial_bayou, serial_bayou_pond_b,
          serial_bayou_shore_a, serial_bayou_pond_c, serial_bayou_lagoon_a,
          serial_bayou_pond_e, serial_bayou_pond_a
D:3:      layout_rooms, basic_ecumenical_altar, minmay_goblin_kobold_house,
          uniq_robin, uniq_terence, uniq_grinder
D:4:      kennysheep_goblin_castle, layout_basic, mainiacjoe_overflow_alcove_1,
          general_overflow_altar, fedhas_ov_isle_minmay,
          minmay_temple_entry_junction, uniq_crazy_yiuf_cottage
D:5:      layout_rooms
D:6:      hangedman_cross_stitches, layout_basic, serial_shops,
          nicolae_shop_behind_doors, uniq_blork_the_orc, uniq_maggie
Temple:   hellmonk_temple_two_chambers

Skill      XL: |  1  2  3  4  5  6  7  8  9 |
---------------+----------------------------+-----
Spellcasting   | 3 4 6 |  6.3
Conjurations   | 2 3 4 5 |  5.8
Fighting       | 1 2 |  2.2
Maces & Flails | 1 2 |  2.7
Fire Magic     | 4 5 6 7 |  7.0
Dodging        | 2 |  2.5
Stealth        | |  2.1
Translocations | |  0.1

Action                     |  1- 3 |  4- 6 |  7- 9 || total
---------------------------+-------+-------+-------++-------
  Melee: Mace              |    12 |     9 |       ||    21
         Whip              |       |    13 |    24 ||    37
         Punch             |       |       |     2 ||     2
   Cast: Foxfire           |    54 |    89 |   155 ||   298
         Scorch            |     2 |     2 |    24 ||    28
         Kindle Blastspark |       |       |     1 ||     1
    Use: Scroll            |       |    10 |     4 ||    14
 Armour: Robe              |     8 |     4 |    21 ||    33
  Dodge: Dodged            |    26 |    16 |    56 ||    98

Table legend: (Time is in decaauts)
 A = Elapsed time spent in this place.
 B = Non-inter-level travel time spent in this place.
 C = Inter-level travel time spent in this place.
 D = Time resting spent in this place.
 E = Time spent auto-exploring this place.
 F = Levels seen in this place.
 G = Mean time per level.
                   A        B        C        D        E       F      G
               +--------+--------+--------+--------+--------+-----+--------+
         Total |   5413 |   5171 |    242 |    200 |   3942 |   7 |  773.3 |
       Dungeon |   5390 |   5154 |    236 |    200 |   3933 |   6 |  898.3 |
        Temple |     22 |     17 |      5 |      0 |      9 |   1 |   22.0 |
               +--------+--------+--------+--------+--------+-----+--------+

Top non-repeatable levels by time:
     D:4: 1317 daAuts
     D:1: 1302 daAuts
     D:2: 940 daAuts
     D:3: 914 daAuts
     D:5: 650 daAuts
     D:6: 266 daAuts
  Temple: 22 daAuts
